 Dungeon Crawl Stone Soup version 0.30-a0-576-g89cddaab80 (webtiles) character file.

Game seed: 13037430347150086572

405 cforsyth the Ruffian (level 6, -8/57 HPs)
             Began as a Ghoul Monk on Dec 31, 2022.
             Mangled by an ogre
             ... wielding a +0 giant spiked club
              (25 damage)
             ... on level 4 of the Dungeon.
             The game lasted 00:03:57 (3594 turns).

cforsyth the Ruffian (Ghoul Monk)                   Turns: 3594, Time: 00:03:58

Health: -8/57      AC:  3    Str: 17    XL:     6   Next: 87%
Magic:  5/5        EV: 13    Int:  5    God:
Gold:   193        SH:  0    Dex: 17    Spells: 5/5 levels left

rFire   . . .      SeeInvis .      - Unarmed
rCold   + . .      Faith    .    (no shield)
rNeg    + + +      Spirit   .    a - +0 robe
rPois   ∞          Reflect  .    (no helmet)
rElec   .          Harm     .    (no cloak)
rCorr   .          Rampage  .    (no gloves)
Will    +....                    j - +0 pair of boots
Stlth   ++                       (no amulet)
HPRegen 0.00/turn                l - +6 ring of dexterity
MPRegen 0.09/turn                r - ring of willpower

@: inhibited regen
A: claws 1, cold resistance 1, negative energy resistance 3, inhibited
regeneration, torment resistance 2, devour on kill
a: no special abilities


You were on level 4 of the Dungeon.
You visited 1 branch of the dungeon, and saw 4 of its levels.

You collected 193 gold pieces.

Inventory:

Missiles
 w - a throwing net (quivered)
Armour
 a - a +0 robe (worn)
 j - a +0 pair of boots (worn)
Jewellery
 f - a +6 ring of intelligence
 l - a +6 ring of dexterity (left claw)
 r - a ring of willpower (right claw)
 v - a ring of magical power
Scrolls
 c - a scroll of butterflies {unknown}
 d - 6 scrolls of identify {unknown}
 e - 2 scrolls of teleportation {unknown}
 h - 2 scrolls of poison {unknown}
 k - a scroll of enchant armour {unknown}
 m - a scroll of vulnerability {unknown}
 q - a scroll of fear {unknown}
 s - a scroll of blinking {unknown}
Potions
 b - 2 potions of ambrosia
 g - 3 potions of curing
 i - a potion of might {unknown}
 n - 2 potions of haste {unknown}
 o - 3 potions of lignification {unknown}
 p - a potion of flight {unknown}
 t - 3 potions of berserk rage {unknown}
 u - a potion of degeneration {unknown}
 x - a potion of magic {unknown}


   Skills:
 + Level 6.2 Fighting
 - Level 2.6 Dodging
 - Level 2.1 Stealth
 + Level 6.2 Unarmed Combat


You had 5 spell levels left.
You didn't know any spells.
Your spell library contained the following spells:

 Spells                   Type           Power      Damage    Failure   Level
 Freeze                   Ice            0%         1d3       47%         1
 Summon Small Mammal      Summ           0%         N/A       47%         1
 Call Canine Familiar     Summ           0%         N/A       85%         3
 Dazzling Flash           Conj/Hex       0%         N/A       85%         3
 Frozen Ramparts          Ice            0%         1d1       85%         3
 Hailstorm                Conj/Ice       0%         3d3       85%         3
 Ignite Poison            Fire/Tmut/Pois 0%         N/A       85%         3
 Kindle Blastsparks       Fire/Tloc/Air  0%         2d10      85%         3
 Summon Guardian Golem    Hex/Summ       0%         N/A       85%         3
 Agony                    Necr           0%         N/A       100%        5
 Freezing Cloud           Conj/Ice/Air   0%         6-21      100%        5
 Silence                  Hex/Air        0%         N/A       100%        5


Dungeon Overview and Level Annotations

Branches:
Dungeon (4/15)
 Temple: D:4-7

Altars:
Sif Muna


Innate Abilities, Weirdness & Mutations

You are immune to poison.
You have sharp fingernails.
Your flesh is cold resistant. (rC+)
You are immune to negative energy. (rN+++)
You do not regenerate when monsters are visible.
You are immune to unholy pain and torment.
You thrive by killing the living.


Message History

No target in view!
No target in view!
No target in view!
No target in view!
No target in view!
Found a stone staircase leading up.
There is an open door here.
You see here a scorpion corpse.
There is an open door here.
You see here a scorpion corpse.
There is an open door here.
There is an open door here.
There is an open door here.
An ogre comes into view. It is wielding a +0 giant spiked club.
There is an open door here.
An ogre is nearby!
An ogre is nearby!
An ogre is nearby!
The ogre shouts!
You scratch the ogre.
The ogre is lightly wounded.
The ogre hits you with a +0 giant spiked club!!
You barely miss the ogre.
The ogre is lightly wounded.
You scratch the ogre.
The ogre is lightly wounded.
The ogre hits you with a +0 giant spiked club!!
* * * LOW HITPOINT WARNING * * *
You are too injured to fight recklessly!
You are too injured to fight recklessly!
You are too injured to fight recklessly!
You are too injured to fight recklessly!
You are too injured to fight recklessly!
You are too injured to fight recklessly!
You barely miss the ogre.
The ogre is lightly wounded.
You aren't carrying any items that you can evoke.
It was a potion of curing.
You feel better.
The ogre hits you with a +0 giant spiked club!!
You die...

#............#
#....#####
#............#
#########....##...
#............#
#......##....##...
#............#
#......##....##...
#............#
#......########.<.
#........#.#.#
#......# #...
###'#......#.#
#......# #...
#.########.#
#O.....# #...
#..........#
#@.....# #...
##.##########
#......# #... #..#
....####......#
#... #..#
#....'......# #...
#..# #..###......#
#... #..# #
#......# #... #..#
#......# #### #..#
###'#### #..# #.#


You could see an ogre.

Vanquished Creatures
  2 scorpions (D:4)
  A hound (D:4)
  Jessica (D:2)
  An iguana (D:4)
  An orc wizard (D:4)
  9 adders
  A gnoll (D:1)
  2 worms (D:2)
  A dart slug (D:1)
  4 orcs
  5 endoplasms
  3 giant cockroaches
  9 hobgoblins
  5 jackals (D:2)
  6 kobolds
  6 quokkas
  4 ball pythons
  3 bats
  2 frilled lizards
  11 goblins
  2 rats
  A butterfly (D:3)
80 creatures vanquished.

Notes
Turn   | Place    | Note
-------+----------+-------------------------------------------
     0 | D:1      | cforsyth the Ghoul Monk began the quest for the Orb.
     0 | D:1      | Reached XP level 1. HP: 19/19 MP: 0/0
   197 | D:1      | Reached XP level 2. HP: 24/26 MP: 1/1
   545 | D:1      | Reached XP level 3. HP: 22/33 MP: 2/2
   550 | D:1      | You fall into a shaft and drop 1 floor!
   813 | D:2      | Reached XP level 4. HP: 41/41 MP: 3/3
  1804 | D:2      | Found a faded altar of an unknown god.
  1866 | D:2      | Noticed Jessica
  1874 | D:2      | Killed Jessica
  1875 | D:2      | Reached XP level 5. HP: 47/47 MP: 4/4
  1949 | D:2      | Found a shimmering blue altar of Sif Muna.
  1965 | D:2      | Reached skill level 5 in Unarmed Combat
  2252 | D:3      | Reached skill level 5 in Fighting
  2884 | D:4      | Reached XP level 6. HP: 33/56 MP: 5/5
  3594 | D:4      | Mangled by an ogre

Illustrated notes

Levels and vault maps discovered:
D:1:      matt_arrival_grand_opening, layout_basic, serial_forest,
          infiniplex_forest_lined_ring, infiniplex_forest_lined_room_3,
          infiniplex_forest_lined_1, infiniplex_forest_end_2, minmay_liquid_box,
          grunt_decor_mini_mirrors, minmay_misc_feat_doors
D:2:      layout_loops_corners, hellmonk_ecumenical_altar_dog_temple,
          basic_altar, uniq_jessica
D:3:      minmay_door_path, layout_rooms, minmay_misc_feat_diagonals,
          hangedman_glass_garden, minivault_27, hangedman_decor_clover_reticule
D:4:      layout_basic, kennysheep_mini, mainiacjoe_overflow_six_doors_small,
          grunt_ministairs_3

Skill      XL: |  1  2  3  4  5  6 |
---------------+-------------------+-----
Fighting       | 4 5 6 |  6.2
Unarmed Combat | 4 5 6 |  6.2
Dodging        | |  2.6
Stealth        | |  2.1

Action                   |  1- 3 |  4- 6 || total
-------------------------+-------+-------++-------
Melee: Unarmed           |    76 |   165 ||   241
       Punch             |     1 |     3 ||     4
  Use: Potion            |       |     1 ||     1
 Stab: Sleeping          |     3 |     6 ||     9
Armor: Robe              |    15 |    28 ||    43
Dodge: Dodged            |    49 |    87 ||   136

Table legend: (Time is in decaauts)
 A = Elapsed time spent in this place.
 B = Non-inter-level travel time spent in this place.
 C = Inter-level travel time spent in this place.
 D = Time resting spent in this place.
 E = Time spent auto-exploring this place.
 F = Levels seen in this place.
 G = Mean time per level.
                   A        B        C        D        E       F      G
               +--------+--------+--------+--------+--------+-----+--------+
         Total |   3576 |   3474 |    102 |    300 |   2654 |   4 |  894.0 |
       Dungeon |   3576 |   3474 |    102 |    300 |   2654 |   4 |  894.0 |
               +--------+--------+--------+--------+--------+-----+--------+

Top non-repeatable levels by time:
     D:2: 1402 daAuts
     D:1: 833 daAuts
     D:4: 729 daAuts
     D:3: 611 daAuts
